 Dungeon Crawl Stone Soup version 0.26-a0-660-gc07710193c (webtiles) character file.

Game seed: 15467539653754955882

433 jasper the Chiller (level 6, 0/45 HPs)
             Began as a Demigod Ice Elementalist on Oct 6, 2020.
             Killed by divine providence
             ... invoked by an orc priest
              (16 damage)
             ... on level 5 of the Dungeon.
             The game lasted 00:08:33 (4738 turns).

jasper the Chiller (Demigod Ice Elementalist)       Turns: 4738, Time: 00:08:33

Health: 0/45       AC:  5    Str: 15    XL:     6   Next: 39%
Magic:  11/11      EV: 12    Int: 19    God:
Gold:   38         SH:  0    Dex: 16    Spells: 1/8 levels left

rFire    + . .     SeeInvis .   x - -1 hand axe (curse)
rCold    . . .     Faith    .   (no shield)
rNeg     . . .     Spirit   .   b - +0 leather armour
rPois    .         Reflect  .   y - +0 helmet
rElec    .         Harm     .   w - +0 cloak
rCorr    .         Rampage  .   (no gloves)
MR       .....                  (no boots)
Stlth    ++........             (no amulet)
HPRegen  0.15/turn              g - ring of protection from fire
MPRegen  0.12/turn              (no ring)

@: no status effects
A: high mp 1
a: no special abilities


You were on level 5 of the Dungeon.
You visited 1 branch of the dungeon, and saw 5 of its levels.

You collected 212 gold pieces.
You spent 174 gold pieces at shops.

Inventory:

Hand Weapons
 f - a +0 whip
 j - a +0 short sword
 x - a cursed -1 hand axe (weapon)
Missiles
 d - 38 sling bullets
 h - 204 stones
 k - 31 bolts
 l - 8 poisoned darts (quivered)
 q - 35 arrows
Armour
 a - a +0 robe
 b - a +0 leather armour (worn)
 e - a +0 tower shield
 u - a +0 ring mail of cold resistance
 w - a +0 cloak (worn)
 y - a +0 helmet (worn)
Jewellery
 g - a ring of protection from fire (left hand)
Wands
 t - a wand of digging (4)
 G - a wand of paralysis (7)
Scrolls
 c - a scroll of magic mapping
 n - a scroll of amnesia
 r - 3 scrolls of teleportation
 v - a scroll of fog
Potions
 i - a potion of haste
 m - 2 potions of heal wounds
 o - 2 potions of lignification
 p - 2 potions of flight
 s - 2 potions of cancellation {unknown}
 z - 2 potions of curing {unknown}
 A - a potion of degeneration {unknown}
 B - a potion of experience {unknown}
 C - 2 potions of might
 D - a potion of brilliance
 F - a potion of resistance {unknown}


   Skills:
 - Level 1.7 Dodging
 - Level 1.7 Stealth
 - Level 1.7 Spellcasting
 + Level 7.4 Ice Magic


You had one spell level left.
You knew the following spells:

 Your Spells              Type           Power        Failure   Level
a - Freeze                Ice            ####         1%          1
b - Frozen Ramparts       Ice            ####..       3%          3
c - Ozocubu's Armour      Ice            ####....     3%          3

Your spell library contained the following spells:

 Spells                   Type           Power        Failure   Level
 Hailstorm                Conj/Ice       ###.....     43%         4
 Summon Ice Beast         Ice/Summ       ###.....     43%         4


Dungeon Overview and Level Annotations

Branches:
Dungeon (5/15)
 Temple: D:4-7

Shops:
D:4 }[**!

Annotations:
D:3 3 runed translucent doors, contrafett's ghost, amateur OpBr; polo's ghost, amateur OpIE


Innate Abilities, Weirdness & Mutations

You have an increased reservoir of magic. (+10% MP)


Message History

The orc hits you.
The orc priest invokes the aid of Beogh against you.
Beogh smites you!
You take 13 damage, and have 31/45 hp.
MASSIVE DAMAGE!!
The orc priest shouts!
You slash the orc!
You kill the orc!
You hit the orc.
The orc is heavily wounded.
The orc priest looks braver for a moment.
The orc hits you with a +3 mace.
You take 3 damage, and have 28/45 hp.
The orc priest mumbles some strange prayers to Beogh against you.
Beogh smites you!
There is an open door, spattered with blood here.
You see here 2 stones.
You take 13 damage, and have 16/45 hp.
MASSIVE DAMAGE!!
The orc priest invokes the aid of Beogh against you.
Beogh smites you!
You die...

#.# #.# #.... #.# ## #.# #....
#.# ......# #.... ##'##
#.....# #.... ##...## #.#.#.#
##... ##.(.$.## #.#.#.# ###.
##......(## ##.#...# ##.
#........(####......######..
..'.....o.o.o@........†.......
###.........####......######..
##.......## ##.##.## #..
##.....## ####.# #.# ##...##
#.# #.# ##+## #.# #.. #.# ###
#.# #.#


You could see 2 orc priests and an orc.

Vanquished Creatures
  A sky beast (D:3)
  A scorpion (D:4)
  A howler monkey (D:4)
  Ijyb (D:3)
  2 worker ants
  3 gnolls (D:4)
  8 adders
  An ufetubus (D:5)
  A worm (D:2)
  A dart slug (D:1)
  5 leopard geckos
  6 orcs
  A ball python (D:3)
  A giant cockroach (D:1)
  4 goblins
  3 hobgoblins
  10 jackals
  3 quokkas
  8 bats
  3 frilled lizards
  5 kobolds
  A quokka zombie (D:5)
  4 rats
74 creatures vanquished.

Notes
Turn   | Place    | Note
-------+----------+-------------------------------------------
     0 | D:1      | jasper the Demigod Ice Elementalist began the quest for the
                  | Orb.
     0 | D:1      | Reached XP level 1. HP: 14/14 MP: 5/5
   165 | D:1      | Reached skill level 4 in Ice Magic
   213 | D:1      | Reached XP level 2. HP: 20/20 MP: 5/7
  1038 | D:2      | Reached XP level 3. HP: 15/26 MP: 4/8
  1610 | D:2      | Found a glowing golden altar of the Shining One.
  1614 | D:2      | Found a glowing silver altar of Zin.
  1616 | D:2      | Found a shadowy altar of Dithmenos.
  1868 | D:2      | Reached skill level 5 in Ice Magic
  1873 | D:2      | Learned a level 3 spell: Frozen Ramparts
  2068 | D:3      | Noticed Ijyb
  2117 | D:3      | Killed Ijyb
  2117 | D:3      | Reached XP level 4. HP: 31/33 MP: 4/9
  2291 | D:3      | Found a runed translucent gate.
  2292 | D:3      | Found a runed translucent gate.
  2293 | D:3      | Found a runed translucent gate.
  2354 | D:3      | Found a faded altar of an unknown god.
  2818 | D:3      | Noticed a sky beast
  2866 | D:3      | Killed a sky beast
  2866 | D:3      | Reached skill level 6 in Ice Magic
  2866 | D:3      | Reached XP level 5. HP: 38/38 MP: 4/10
  3032 | D:3      | Noticed polo's ghost (amateur OpIE)
  3032 | D:3      | Noticed contrafett's ghost (amateur OpBr)
  3164 | D:4      | Found Ocea's Distillery.
  3169 | D:4      | Bought a potion of might for 56 gold pieces
  3169 | D:4      | Bought a potion of brilliance for 56 gold pieces
  3258 | D:4      | Learned a level 3 spell: Ozocubu's Armour
  3281 | D:4      | Found a blossoming altar of Fedhas.
  3316 | D:4      | Found Wevvich's General Store.
  3356 | D:4      | Found Uroplom's Antique Armour Shoppe.
  3615 | D:4      | Found Uwnul's Assorted Antiques.
  3623 | D:4      | Bought a scroll of identify for 62 gold pieces
  3745 | D:4      | Reached skill level 7 in Ice Magic
  3745 | D:4      | Reached XP level 6. HP: 45/45 MP: 7/11
  4112 | D:4      | Found Tyud's Gadget Shop.
  4158 | D:5      | Entered Level 5 of the Dungeon
  4738 | D:5      | Killed from afar by an orc priest

Illustrated notes

Levels and vault maps discovered:
D:1:      minmay_arrival_plants_in_alcoves, layout_basic
D:2:      layout_basic, grunt_temple_overflow_open, eino_tiny_chamber
D:3:      layout_loops_cross, chequers_ecumenical_altar_simple_redux,
          serial_glass, glass_columns_c, glass_columns_a,
          gammafunk_ghost_cemetery, hangedman_decor_slide_cut, uniq_ijyb
D:4:      layout_gridville, fedhas_ov_isle_minmay, serial_shops,
          nicolae_shop_crystal, shop, kennysheep_mini_moat, shop,
          kennysheep_little_box
D:5:      layout_loops_corners

Skill      XL: |  1  2  3  4  5 |
---------------+----------------+-----
Ice Magic      | 4 5 6 7 |  7.4
Dodging        | |  1.7
Stealth        | |  1.7
Spellcasting   | |  1.7

Action                   |  1- 3 |  4- 6 || total
-------------------------+-------+-------++-------
Melee: Unarmed           |     1 |       ||     1
       Short sword       |    15 |     1 ||    16
       Whip              |     2 |       ||     2
       Hand axe          |       |    55 ||    55
Throw: Stone             |    42 |       ||    42
       Dart              |     6 |     8 ||    14
 Cast: Freeze            |    44 |     8 ||    52
       Frozen Ramparts   |     4 |    14 ||    18
  Use: Scroll            |       |     8 ||     8
 Stab: Sleeping          |     2 |     4 ||     6
Armor: Leather armour    |    15 |    20 ||    35
Dodge: Dodged            |    34 |    54 ||    88

Table legend: (Time is in decaauts)
 A = Elapsed time spent in this place.
 B = Non-inter-level travel time spent in this place.
 C = Inter-level travel time spent in this place.
 D = Time resting spent in this place.
 E = Time spent auto-exploring this place.
 F = Levels seen in this place.
 G = Mean time per level.
                   A        B        C        D        E       F      G
               +--------+--------+--------+--------+--------+-----+--------+
         Total |   4758 |   4661 |     97 |    469 |   3387 |   5 |  951.6 |
       Dungeon |   4758 |   4661 |     97 |    469 |   3387 |   5 |  951.6 |
               +--------+--------+--------+--------+--------+-----+--------+

Top non-repeatable levels by time:
     D:2: 1219 daAuts
     D:4: 1106 daAuts
     D:3: 1086 daAuts
     D:1: 763 daAuts
     D:5: 583 daAuts
